 Dungeon Crawl Stone Soup version 0.30-a0-358-g0d69a1922f (webtiles) character file.

Game seed: 5476263687249565500

490 porpoise the Slasher (level 6, 0/51 HPs)
             Began as a Demonspawn Monk on Nov 11, 2022.
             Splashed by a jelly's acid (4 damage)
             ... on level 4 of the Dungeon.
             The game lasted 00:11:55 (2950 turns).

porpoise the Slasher (Demonspawn Monk)              Turns: 2950, Time: 00:11:55

Health: 0/51       AC: -1    Str: 12    XL:     6   Next: 90%
Magic:  6/6        EV: 11    Int: 11    God:
Gold:   103        SH:  0    Dex: 17    Spells: 5/5 levels left

rFire   . . .      SeeInvis .    a - +0 falchion
rCold   . . .      Faith    .    (no shield)
rNeg    + . .      Spirit   .    d - +0 ring mail
rPois   .          Reflect  .    p - +0 helmet
rElec   .          Harm     .    (no cloak)
rCorr   .          Rampage  .    t - +0 pair of gloves
Will    .....                    (no boots)
Stlth   +.........               (no amulet)
HPRegen 0.28/turn                q - ring of positive energy
MPRegen 0.10/turn                x - +4 ring of protection

@: corroded
A: hooves 1, foul stench 2
a: no special abilities


You were on level 4 of the Dungeon.
You visited 1 branch of the dungeon, and saw 4 of its levels.

You collected 103 gold pieces.

Inventory:

Hand Weapons
 a - a +0 falchion (weapon)
 b - a +0 sling
 w - a +2 whip of draining
Missiles
 j - 3 poisoned darts (quivered)
 o - 3 javelins
Armour
 d - a +0 ring mail (worn)
 p - a +0 helmet (worn)
 t - a +0 pair of gloves (worn)
Jewellery
 q - a ring of positive energy (left hand)
 s - a ring of fire
 x - a +4 ring of protection (right hand)
 y - a ring of poison resistance
Scrolls
 f - a scroll of butterflies
 m - a scroll of poison {unknown}
 n - a scroll of magic mapping {unknown}
 r - a scroll of fear {unknown}
 u - a scroll of vulnerability {unknown}
Potions
 c - a potion of ambrosia
 e - 2 potions of curing
 g - 2 potions of berserk rage
 i - a potion of flight {unknown}
 k - 2 potions of haste
 l - a potion of brilliance {unknown}
 v - 2 potions of magic


   Skills:
 + Level 5.1 Fighting
 * Level 6.0 Long Blades
 - Level 2.6 Dodging
 - Level 1.7 Stealth


You had 5 spell levels left.
You didn't know any spells.
Your spell library was empty.

Dungeon Overview and Level Annotations

Branches:
Dungeon (4/15)
 Temple: D:4-7

Altars:
Gozag

Shops:
D:2 [


Innate Abilities, Weirdness & Mutations

You have large cloven feet.
You sometimes emit foul miasma when damaged in melee.


Message History

Your butterfly disappears in a burst of colours!
The kobold barely misses you.
You barely miss the kobold. You kick the kobold.
You kill the kobold!
Your butterfly disappears in a burst of colours!
You hit the jelly.
Your hands burn!
The jelly is lightly wounded.
The jelly barely misses you.
You hit the jelly.
Your hands burn!
You kick the jelly.
The jelly is heavily wounded.
The jelly hits you.
You are splashed with acid!
You hit the jelly. The acid corrodes you!
Your hands burn!
The jelly is severely wounded.
The jelly hits you. The acid corrodes you!
You are splashed with acid!
You hit the jelly but do no damage. The acid corrodes you!
Your hands burn!
You kick the jelly, but do no damage.
The jelly is severely wounded.
The jelly misses you.
You hit the jelly but do no damage. The acid corrodes you!
Your hands burn!
You kick the jelly.
The jelly is almost dead.
The jelly barely misses you.
You hit the jelly. The acid corrodes you!
Your hands burn!
The jelly is almost dead.
The jelly hits you.
You are splashed with acid!
* * * LOW HITPOINT WARNING * * *
You hit the jelly but do no damage.
Your hands burn!
* * * LOW HITPOINT WARNING * * *
You kick the jelly, but do no damage.
The jelly is almost dead.
Your butterfly disappears in a burst of colours!
The jelly barely misses you.
You feel better.
Your butterfly disappears in a burst of colours!
The jelly hits you.
* * * LOW HITPOINT WARNING * * *
You are splashed with acid!
* * * LOW HITPOINT WARNING * * *
You hit the jelly.
Your hands burn!
You die...

#####bb# #
##.# .. #b##
.# #..#####.#
##.#.....#
#.#.....#
##.......##
#.....bb..#.#.
#.##..@)b.....
#..
####J#.....
#..# .....##
#.# ..#.$ ..
... .# .. ....
# #####


You could see a jelly.

Vanquished Creatures
  The ghost of Encipher the Chiller, an amateur GnWn (D:3)
  A scorpion (D:3)
  2 hounds
  A jelly (D:4)
  Natasha (thrice) (D:3)
  An orc wizard (D:3)
  4 adders
  4 gnolls (D:3)
  A worm (D:3)
  4 dart slugs
  2 orcs (D:3)
  5 endoplasms
  5 giant cockroaches
  9 goblins
  6 hobgoblins
  2 jackals
  5 kobolds
  4 quokkas
  4 ball pythons
  2 bats
  7 frilled lizards
  5 rats
78 creatures vanquished.

Vanquished Creatures (others)
  2 fungi (D:3)
2 creatures vanquished.

Grand Total: 80 creatures vanquished

Notes
Turn   | Place    | Note
-------+----------+-------------------------------------------
     0 | D:1      | porpoise the Demonspawn Monk began the quest for the Orb.
     0 | D:1      | Reached XP level 1. HP: 18/18 MP: 1/1
   216 | D:1      | Reached skill level 3 in Long Blades
   364 | D:1      | Gained mutation: You may rarely emit foul miasma when
                  | damaged in melee. [demonic ancestry]
   364 | D:1      | Reached XP level 2. HP: 24/24 MP: 2/2
   902 | D:2      | Reached XP level 3. HP: 29/29 MP: 3/3
  1186 | D:2      | Reached skill level 4 in Long Blades
  1186 | D:2      | Gained mutation: You sometimes emit foul miasma when
                  | damaged in melee. [demonic ancestry]
  1186 | D:2      | Reached XP level 4. HP: 33/37 MP: 4/4
  1300 | D:2      | Found Itingag's Antique Armour Shop.
  1687 | D:3      | Noticed a scorpion
  1695 | D:3      | Killed a scorpion
  1696 | D:3      | Reached XP level 5. HP: 38/42 MP: 5/5
  1796 | D:3      | Reached skill level 5 in Long Blades
  1897 | D:3      | Noticed Natasha
  1993 | D:3      | Killed Natasha
  1994 | D:3      | Gained mutation: You have large cloven feet. [demonic
                  | ancestry]
  1994 | D:3      | Reached XP level 6. HP: 48/49 MP: 6/6
  2005 | D:3      | Noticed Encipher's ghost (amateur GnWn)
  2072 | D:3      | Noticed Natasha
  2079 | D:3      | Killed Natasha
  2130 | D:3      | Found a runed translucent door.
  2153 | D:3      | Killed Encipher's ghost
  2301 | D:3      | Found an opulent altar of Gozag.
  2323 | D:3      | Noticed Natasha
  2334 | D:3      | Killed Natasha
  2478 | D:3      | Found a faded altar of an unknown god.
  2756 | D:3      | Reached skill level 5 in Fighting
  2904 | D:4      | Reached skill level 6 in Long Blades
  2948 | D:4      | HP: 2/51 [acid (5)]
  2950 | D:4      | Splashed by a jelly's acid

Illustrated notes

Levels and vault maps discovered:
D:1:      lightli_arrival_lavapool, layout_basic
D:2:      layout_loops_cross, serial_shops, nicolae_lakefront_shop
D:3:      layout_loops_ring, mainiacjoe_overflow_alcove_1, tso_oasis_becter,
          shapermc_ecumenical_altar_ellora, hellmonk_ghost_happy_afterlife,
          uniq_natasha
D:4:      layout_rooms, mainiacjoe_overflow_alcove_4,
          grunt_temple_overflow_open, uniq_pikel, uniq_ijyb,
          uniq_crazy_yiuf_cottage

Skill      XL: |  1  2  3  4  5  6 |
---------------+-------------------+-----
Long Blades    | 3 4 5 6 |  6.0
Fighting       | 4 5 |  5.1
Dodging        | |  2.6
Stealth        | |  1.7

Action                   |  1- 3 |  4- 6 || total
-------------------------+-------+-------++-------
Melee: Falchion          |    99 |   181 ||   280
       Punch             |     1 |     2 ||     3
       Kick              |       |    31 ||    31
 Fire: Sling             |     3 |     6 ||     9
Throw: Dart              |       |     4 ||     4
       Javelin           |       |     1 ||     1
  Use: Scroll            |       |     5 ||     5
       Potion            |       |     1 ||     1
 Stab: Sleeping          |     1 |       ||     1
Armor: Ring mail         |    28 |    74 ||   102
Dodge: Dodged            |    52 |    91 ||   143

Table legend: (Time is in decaauts)
 A = Elapsed time spent in this place.
 B = Non-inter-level travel time spent in this place.
 C = Inter-level travel time spent in this place.
 D = Time resting spent in this place.
 E = Time spent auto-exploring this place.
 F = Levels seen in this place.
 G = Mean time per level.
                   A        B        C        D        E       F      G
               +--------+--------+--------+--------+--------+-----+--------+
         Total |   2974 |   2889 |     85 |    708 |   1348 |   4 |  743.5 |
       Dungeon |   2974 |   2889 |     85 |    708 |   1348 |   4 |  743.5 |
               +--------+--------+--------+--------+--------+-----+--------+

Top non-repeatable levels by time:
     D:3: 1269 daAuts
     D:2: 875 daAuts
     D:1: 761 daAuts
     D:4: 67 daAuts
